 Dungeon Crawl Stone Soup version 0.24-a0-515-gbe7f5e2e8d (webtiles) character file.

Game seed: 15161332881691070941

5747 Inquire the Fighter (level 10, -2/94 HPs)
             Began as a Minotaur Fighter on July 21, 2019.
             Was a Priest of the Shining One.
             Killed from afar by a raiju (26 damage)
             ... with a living lightning
             ... on level 1 of the Abyss.
             The game lasted 00:09:12 (7924 turns).

Inquire the Fighter (Minotaur Fighter)              Turns: 7924, Time: 00:09:13

Health: -2/94      AC: 22    Str: 24    XL:     10   Next: 49%
Magic:  14/14      EV:  7    Int:  6    God:    the Shining One [***...]
Gold:   516        SH: 11    Dex:  9    Spells: 9/9 levels left

rFire    . . .     SeeInvis .   a - +1 war axe
rCold    + . .     Gourm    .   c - +0 shield
rNeg     + . .     Faith    .   E - +3 chain mail {rC+}
rPois    +         Spirit   .   (helmet restricted)
rElec    .         Reflect  .   i - +2 cloak {rPois}
rCorr    .         Harm     .   u - +2 pair of gloves
MR       +....                  t - +2 pair of boots
Stlth    ..........             (no amulet)
HPRegen  0.25/turn              B - ring of protection from magic
MPRegen  0.14/turn              (no ring)

@: glowing
A: retaliatory headbutt, horns 2
a: Divine Shield, Renounce Religion


You were on level 1 of the Abyss.
You worshipped the Shining One.
The Shining One was most pleased with you.
You were not hungry.

You visited 1 branch of the dungeon, and saw 9 of its levels.
You visited the Abyss 1 time.
You also visited: Sewer.

You collected 516 gold pieces.

Inventory:

Hand Weapons
 a - a +1 war axe (weapon)
Missiles
 n - 12 boomerangs (quivered)
Armour
 c - a +0 shield (worn)
 i - a +2 cloak of poison resistance (worn)
 t - a +2 pair of boots (worn)
 u - a +2 pair of gloves (worn)
 E - a +3 chain mail of cold resistance (worn)
Jewellery
 B - a ring of protection from magic (left hand)
Wands
 p - a wand of digging (5)
 w - a wand of disintegration (14)
 x - a wand of iceblast (3)
Scrolls
 l - a scroll of remove curse
 o - 6 scrolls of teleportation
 q - 3 scrolls of magic mapping
 s - 4 scrolls of blinking
 y - 4 scrolls of identify
 D - 3 scrolls of amnesia
 F - a scroll of fog
 G - 2 scrolls of enchant armour
Potions
 b - a potion of flight
 d - 8 potions of might
 e - 2 potions of curing
 g - 3 potions of lignification
 h - 2 potions of heal wounds
 j - 2 potions of cancellation
 k - 4 potions of mutation
 m - 2 potions of magic
 r - 3 potions of brilliance
 v - 2 potions of haste
 A - a potion of agility
Comestibles
 f - 9 rations
 z - 3 chunks of flesh


   Skills:
 + Level 10.7 Fighting
 * Level 10.6 Axes
 - Level 4.9 Armour
 * Level 8.7 Shields
 - Level 6.9 Invocations


You had 9 spell levels left.
You didn't know any spells.
Your spell library contained the following spells:

 Spells                   Type           Power        Failure   Level  Hunger
 Beastly Appendage        Tmut           #.....       100%        1    ##.....
 Corona                   Hex            #......      100%        1    ##.....
 Magic Dart               Conj           #...         100%        1    ##.....
 Blink                    Tloc           N/A          100%        2    ###....
 Call Imp                 Summ           #.......     100%        2    ###....
 Ensorcelled Hibernation  Hex/Ice        #.....       100%        2    ###....
 Slow                     Hex            #.......     100%        2    ###....
 Sticks to Snakes         Tmut           #.......     100%        2    ###....
 Confuse                  Hex            #.......     100%        3    ####...
 Conjure Flame            Conj/Fire      #.......     100%        3    ####...
 Dazzling Spray           Conj/Hex       #.....       100%        3    ####...
 Mephitic Cloud           Conj/Pois/Air  #.......     100%        3    ####...
 Spider Form              Tmut/Pois      #.........   100%        3    ####...
 Tukima's Dance           Hex            #.......     100%        3    ####...
 Ice Form                 Ice/Tmut       #.......     100%        4    #####..
 Blade Hands              Tmut           #.........   100%        5    ######.


Dungeon Overview and Level Annotations

Branches:
Dungeon (9/15)             Temple (0/1) D:7
   Lair: D:8-11         Orc: D:9-12

Altars:
Fedhas
Gozag
Kikubaaqudgha
Nemelex Xobeh
Okawaru
Qazlal
Ru
Sif Muna
Uskayaw
Vehumet
The Shining One

Annotations:
D:9 Erolcha


Innate Abilities, Weirdness & Mutations

You reflexively headbutt those who attack you in melee.
You have a pair of horns on your head.


Message History

The raiju is heavily wounded.
The raiju bites you but does no damage.
You completely miss the raiju.
The raiju is heavily wounded.
You hit the raiju. Your headbutt misses the raiju.
The raiju is severely wounded.
The raiju bursts into living lightning!
The living lightning hits you! x2
* * * LOW HITPOINT WARNING * * *
The raiju blinks!
Evoke which item? (* to show all) (? for menu, Esc to quit)
Aiming: Iceblast
Press: ? - help, Shift-Dir - straight line, f - raiju
Aim: a raiju (severely wounded, haloed)
The mass of ice explodes!
The iceblast engulfs the raiju!
The raiju is almost dead.
You hear a roar!
The raiju bursts into living lightning!
The living lightning hits you!!
You die...

#. #.# . # ...
## .#### .## #
#.#...# .†.#.
.. # #.
..#..... # h#
... . ###÷ ..
####. .# # .
.. ##.# #.#..
#....
#.####.### #
....## #[@§h#.
.#..## . #
#.##.#.#####..
#.## #.#...##
.##.#..#. .
..........##
### # .
..#.#.... # .
#.
#....#......##
. ##. ..
..##.##......
# ##.## ## ##
.#... ..# .
#.##..#... #.


You could see a raiju.

Vanquished Creatures
  Pikel (D:4)
  A centaur skeleton (D:9)
  3 raiju (Abyss:1)
  A hippogriff (D:7)
  Sigmund (D:3)
  4 fire bats (Abyss:1)
  Edmund (D:4)
  A sky beast (D:5)
  A slave (D:4)
  An eye of draining (D:9)
  3 ogres
  2 ice beasts
  3 centaurs
  4 big kobolds (Sewer)
  A bullfrog (D:7)
  2 scorpions
  4 wights (D:8)
  7 killer bees (D:7)
  3 howler monkeys
  3 crimson imps
  Crazy Yiuf (D:2)
  3 bullfrog zombies (D:5)
  A centaur zombie (D:8)
  2 hounds (D:5)
  6 orc priests
  A jelly (D:6)
  A bullfrog skeleton (D:5)
  A gnoll shaman (D:8)
  Jessica (D:3)
  Natasha (D:4)
  5 orc wizards
  11 worker ants
  3 hound skeletons
  8 gnolls
  16 adders
  2 river rats
  2 shadow imps
  An ooze (Sewer)
  An adder zombie (D:8)
  5 worms
  A dart slug (D:3)
  10 leopard geckos
  34 orcs
  2 ball pythons
  7 bats
  4 giant cockroaches
  9 hobgoblins
  12 jackals
  13 kobolds
  2 quokkas
  6 frilled lizards
  7 goblins
  A leopard gecko skeleton (D:5)
  18 rats
245 creatures vanquished.

Vanquished Creatures (others)
  An ogre (D:4)
1 creature vanquished.

Grand Total: 246 creatures vanquished

Notes
Turn   | Place    | Note
-------+----------+-------------------------------------------
     0 | D:1      | Inquire the Minotaur Fighter began the quest for the Orb.
     0 | D:1      | Reached XP level 1. HP: 19/19 MP: 0/0
   177 | D:1      | Reached XP level 2. HP: 23/27 MP: 1/1
   985 | D:2      | Reached XP level 3. HP: 33/33 MP: 2/2
  1119 | D:2      | Found a deep blue altar of Sif Muna.
  1155 | D:2      | Found an opulent altar of Gozag.
  1156 | D:2      | Found a sparkling altar of Nemelex Xobeh.
  1265 | D:2      | Reached XP level 4. HP: 25/41 MP: 3/3
  1388 | D:2      | Found a runed translucent door.
  1389 | D:2      | Noticed Crazy Yiuf
  1676 | D:2      | Killed Crazy Yiuf
  1879 | D:3      | Noticed Sigmund
  1886 | D:3      | Killed Sigmund
  1886 | D:3      | Reached skill level 5 in Fighting
  1886 | D:3      | Reached XP level 5. HP: 37/49 MP: 4/4
  1886 | D:3      | Reached XP level 6. HP: 43/56 MP: 5/5
  1970 | D:3      | Found a stormy altar of Qazlal.
  2031 | D:3      | Noticed Jessica
  2032 | D:3      | Killed Jessica
  2032 | D:3      | Reached skill level 5 in Axes
  2381 | D:3      | Found an ancient bone altar of Kikubaaqudgha.
  2381 | D:3      | Found a glowing golden altar of the Shining One.
  2382 | D:3      | Found a blossoming altar of Fedhas.
  2423 | D:3      | Became a worshipper of the Shining One
  2882 | D:4      | Reached skill level 5 in Shields
  2888 | D:4      | Reached skill level 1 in Invocations
  2888 | D:4      | Reached XP level 7. HP: 60/63 MP: 6/6
  3142 | D:4      | Noticed Natasha
  3150 | D:4      | Killed Natasha
  3225 | D:4      | Found a glowing drain.
  3234 | Sewer    | Entered a sewer
  3407 | Sewer    | Reached * piety under the Shining One
  3602 | Sewer    | Reached XP level 8. HP: 65/73 MP: 9/9
  3662 | D:4      | Noticed Pikel
  3673 | D:4      | Killed Pikel
  3809 | D:4      | Found a sacrificial altar of Ru.
  3988 | D:4      | Noticed Edmund
  4004 | D:4      | Killed Edmund
  4029 | D:5      | Entered Level 5 of the Dungeon
  4489 | D:5      | Reached XP level 9. HP: 82/82 MP: 11/11
  4695 | D:5      | Reached skill level 5 in Invocations
  5225 | D:6      | Found a hide-covered altar of Uskayaw.
  5432 | D:6      | Found a radiant altar of Vehumet.
  6171 | D:7      | Reached ** piety under the Shining One
  6391 | D:7      | Found a staircase to the Ecumenical Temple.
  7091 | D:8      | Reached skill level 10 in Fighting
  7122 | D:8      | Reached *** piety under the Shining One
  7142 | D:8      | Reached XP level 10. HP: 93/93 MP: 13/13
  7219 | D:8      | Found an iron altar of Okawaru.
  7670 | D:9      | Reached skill level 10 in Axes
  7815 | D:9      | Noticed Erolcha
  7819 | D:9      | Cast into level 1 of the Abyss (Erolcha)
  7924 | Abyss:1  | Killed from afar by a raiju

Levels and vault maps discovered:
D:1:      kennysheep_arrival_seaside, layout_loops_ring, minmay_unequal
D:2:      layout_loops_ring, marbit_many_paths, grunt_temple_overflow_opulence,
          first_ration, uniq_crazy_yiuf_cottage
D:3:      minmay_bubble_buster, layout_basic, nicolae_qazlal_eye_of_the_storm,
          gammafunk_temple_overflow_claw, uniq_jessica, uniq_sigmund
D:4:      layout_gridville, nicolae_ru_path_of_blood, gup_sewer_entry_bubbles,
          kennysheep_generic_room_12, uniq_natasha, uniq_edmund, uniq_pikel
D:5:      layout_layer_cave
D:6:      layout_loops_corners, old_standard_altar, basic_altar
D:7:      layout_basic, minmay_temple_entry_trees
D:8:      layout_loops_ring, basic_altar
D:9:      layout_layer_cave, elyvilon_altar_1, orc_0_dummy, uniq_erolcha
Abyss:1

Skill      XL: |  1  2  3  4  5  6  7  8  9 10 |
---------------+-------------------------------+-----
Fighting       | 4 5 6 7 8 10 | 10.7
Axes           | 3 4 5 6 8 9 10 | 10.6
Shields        | 4 5 6 7 8 |  8.7
Armour         | 4 |  4.9
Invocations    | 1 2 4 6 |  6.9

Action                   |  1- 3 |  4- 6 |  7- 9 | 10-12 || total
-------------------------+-------+-------+-------+-------++-------
Melee: War axe           |   120 |   110 |   356 |    69 ||   655
       Headbutt          |    17 |    19 |    57 |    14 ||   107
Evoke: Wand              |       |       |     1 |     1 ||     2
  Use: Scroll            |     4 |     5 |    12 |     4 ||    25
       Potion            |       |     3 |     3 |     3 ||     9
  Eat: Chunk             |     1 |     5 |    10 |     1 ||    17
       Ration            |       |       |     2 |       ||     2
Armor: Scale mail        |    46 |    13 |       |       ||    59
       Skin              |       |     2 |       |       ||     2
       Chain mail        |       |    43 |   196 |    39 ||   278
Dodge: Dodged            |    40 |    37 |    88 |    19 ||   184
Block: Shield            |    59 |    68 |   195 |    34 ||   356

Table legend:
 A = Non-vault XP
 B = Vault XP
 C = Vault XP percentage of total XP
 D = Non-vault monster count
 E = Vault monster count
 F = Vault count percentage of total count
                 A         B        C        D         E       F
            +---------+---------+-------+---------+---------+-------
      Total |    6479 |    1732 |  21.1 |     201 |      44 |  18.0
            +---------+---------+-------+---------+---------+-------
        D:1 |      28 |       1 |   3.4 |      17 |       1 |   5.6
        D:2 |      82 |      45 |  35.4 |      30 |       1 |   3.2
        D:3 |     174 |     314 |  64.3 |      25 |      15 |  37.5
        D:4 |     330 |     908 |  73.3 |      25 |       9 |  26.5
        D:5 |     874 |       0 |   0.0 |      24 |       0 |   0.0
        D:6 |     264 |       0 |   0.0 |      13 |       0 |   0.0
        D:7 |    1448 |       0 |   0.0 |      24 |       0 |   0.0
        D:8 |     966 |       0 |   0.0 |      30 |       0 |   0.0
        D:9 |     762 |       0 |   0.0 |       6 |       0 |   0.0
    Abyss:1 |    1551 |       0 |   0.0 |       7 |       0 |   0.0
      Sewer |       0 |     464 | 100.0 |       0 |      18 | 100.0
            +---------+---------+-------+---------+---------+-------
